 Dungeon Crawl Stone Soup version 0.28-a0-793-g31680bbd8b (webtiles) character file.

Game seed: 8094335377546522451

1739 ytrimaz the Grappler (level 9, -1/57 HPs)
             Began as an Octopode Fighter on Nov 4, 2021.
             Slain by a steam dragon (6 damage)
             ... on level 6 of the Dungeon.
             The game lasted 00:10:09 (10050 turns).

ytrimaz the Grappler (Octopode Fighter)            Turns: 10050, Time: 00:10:09

Health: -1/57      AC:  1    Str: 11 (13) XL:     9   Next: 5%
Magic:  9/9        EV: 14    Int: 11      God:
Gold:   432        SH:  5    Dex: 12 (14) Spells: 8/8 levels left

rFire   . . .      SeeInvis +     - Unarmed
rCold   . . .      Faith    .   a - +0 buckler
rNeg    . . .      Spirit   .   (helmet restricted)
rPois   .          Reflect  .   (no amulet)
rElec   .          Harm     .   j - ring of see invisible
rCorr   .          Rampage  .   (no ring)
Will    .....                   (no ring)
Stlth   ++........              (no ring)
HPRegen 0.19/turn               (no ring)
MPRegen 0.11/turn               (no ring)
                                (no ring)
                                (no ring)

@: unable to read
A: almost no armour, amphibious, 8 rings, camouflage 1, gelatinous body 1,
(nimble swimmer 1), tentacles, high mp 1, weak 1, inability to read while
threatened, MP-powered wands
a: no special abilities


You were on level 6 of the Dungeon.
You visited 2 branches of the dungeon, and saw 7 of its levels.

You collected 432 gold pieces.

Inventory:

Hand Weapons
 l - a +0 dagger of draining
Missiles
 m - 2 throwing nets
Armour
 a - a +0 buckler (worn)
Jewellery
 j - a ring of see invisible (left tentacle)
Wands
 f - a wand of paralysis (9) (quivered)
 n - a wand of iceblast (20)
 p - a wand of acid (12)
 u - a wand of mindburst (30)
Scrolls
 d - a scroll of identify
 i - a scroll of immolation
 k - 2 scrolls of blinking
 q - a scroll of holy word
 t - a scroll of enchant armour {unknown}
 w - a scroll of teleportation {unknown}
 y - a scroll of magic mapping
Potions
 b - 2 potions of might
 c - a potion of berserk rage {unknown}
 e - 2 potions of heal wounds
 g - a potion of attraction {unknown}
 h - a potion of lignification
 o - a potion of magic {unknown}
 r - a potion of ambrosia {unknown}
 s - a potion of curing {unknown}
 v - a potion of haste {unknown}
 x - a potion of brilliance {unknown}


   Skills:
 - Level 3.5 Fighting
 + Level 5.0 Dodging
 - Level 4.0 Shields
 * Level 9.6 Unarmed Combat
 * Level 3.4 Evocations


You had 8 spell levels left.
You didn't know any spells.
Your spell library contained the following spells:

 Spells                   Type           Power      Damage    Failure   Level
 Beastly Appendage        Tmut           0%         N/A       34%         1
 Freeze                   Ice            0%         1d3       34%         1
 Passwall                 Tmut/Erth      0%         N/A       47%         2
 Wereblood                Tmut           0%         N/A       47%         2
 Frozen Ramparts          Ice            0%         1d2       71%         3
 Spider Form              Tmut/Pois      0%         N/A       71%         3
 Swiftness                Air            0%         N/A       71%         3
 Hailstorm                Conj/Ice       0%         3d3       98%         4
 Invisibility             Hex            0%         N/A       100%        6


Dungeon Overview and Level Annotations

Branches:
Dungeon (6/15)             Temple (1/1) D:6

Altars:
Cheibriados
Dithmenos
Elyvilon
Fedhas
Gozag
Kikubaaqudgha
Okawaru
Qazlal
Ru
Sif Muna
Uskayaw
Vehumet
Wu Jian
Xom
Yredelemnul
Zin
The Shining One

Shops:
D:6 *

Annotations:
D:5 3 runed translucent doors, AM7's ghost, amateur MiCK; AttackTheMoon's ghost, novice FoFi; SirDiesAlot's ghost, weakling MiDe; willcat's ghost, novice HODe


Innate Abilities, Weirdness & Mutations

You cannot wear most types of armour.
You are amphibious.
You can wear up to eight rings at the same time.
Your skin changes colour to match your surroundings (Stealth+).
Your rubbery body absorbs attacks. (AC +1, EV +1)
((You are camouflaged near water. (Stealth+)))
You have tentacles for arms and can constrict up to eight enemies at once.
You have an increased reservoir of magic. (+10% MP)
You are weak. (Str -2)
You sometimes lose the ability to read scrolls when taking damage.
You expend magic power (3 MP) to strengthen your wands.


Message History

The steam dragon is lightly wounded.
The steam dragon breathes steam at you. The ball of steam hits you!
You tentacle-slap the steam dragon but do no damage.
The steam dragon is lightly wounded.
You are engulfed in a cloud of scalding steam.
You barely miss the steam dragon.
The steam dragon is lightly wounded.
You are engulfed in a cloud of scalding steam.
You feel threatened and lose the ability to read scrolls!
The steam dragon bites you! The steam dragon misses you.
You are too injured to fight recklessly!
You are too injured to fight recklessly!
You are too injured to fight recklessly!
You are too injured to fight recklessly!
You are too injured to fight recklessly!
You are too injured to fight recklessly!
You are too injured to fight recklessly!
You are too injured to fight recklessly!
You are too injured to fight recklessly!
You are too injured to fight recklessly!
You are too injured to fight recklessly!
You are too injured to fight recklessly!
You are too injured to fight recklessly!
You are too injured to fight recklessly!
Unknown command.
You tentacle-slap the steam dragon.
You squeeze the steam dragon, but do no damage.
The steam dragon is moderately wounded.
You are engulfed in a cloud of scalding steam.
* * * LOW HITPOINT WARNING * * *
The steam dragon bites you.
* * * LOW HITPOINT WARNING * * *
The steam dragon closely misses you.
You bludgeon the steam dragon!
The steam dragon is severely wounded.
You are engulfed in a cloud of scalding steam.
* * * LOW HITPOINT WARNING * * *
The steam dragon bites you.
You die...

###...###......#
#.......##........
#.......###.##.##.
#.......# #.##.#
###...### .# .
#...# .# .
#####.######[#
.....##.#
#..........ยง.#
........#
#.###.####@.!#
#.......# #.#
#D#..# ##.......##
#.##.###....
.........# #.##.
#....###........#
#.##
#...###........#
#..
#..............#
##
#..#####.#.###.#
#.....# #.#
#.###.....###.#


You could see a steam dragon (catching breath).

Vanquished Creatures
  An ice beast (D:6)
  A necrophage (D:4)
  A black bear (D:4)
  2 ogres
  A kobold brigand (D:6)
  A scorpion (D:6)
  A water moccasin skeleton (D:3)
  3 killer bees (D:4)
  A howler monkey (D:3)
  2 bullfrog zombies
  A gnoll shaman (D:4)
  5 hounds
  2 orc priests
  3 iguanas
  3 orc wizards
  Terence (D:2)
  A hound skeleton (D:5)
  8 adders
  21 gnolls
  An ufetubus (D:5)
  4 worms
  A dart slug (D:1)
  28 orcs
  11 ball pythons
  12 endoplasms
  6 giant cockroaches
  9 goblins
  12 hobgoblins
  13 jackals
  12 kobolds
  6 quokkas
  6 bats
  5 frilled lizards
  5 rats
190 creatures vanquished.

Vanquished Creatures (others)
  A butterfly (D:4)
  3 plants (D:3)
4 creatures vanquished.

Grand Total: 194 creatures vanquished

Notes
Turn   | Place    | Note
-------+----------+-------------------------------------------
     0 | D:1      | ytrimaz the Octopode Fighter began the quest for the Orb.
     0 | D:1      | Reached XP level 1. HP: 16/16 MP: 1/1
    63 | D:1      | Reached XP level 2. HP: 17/21 MP: 2/2
   787 | D:1      | Reached XP level 3. HP: 22/26 MP: 3/3
  1643 | D:2      | Noticed Terence
  1644 | D:2      | You fall into a shaft and drop 2 floors!
  1659 | D:4      | Reached XP level 4. HP: 30/31 MP: 4/4
  1685 | D:4      | Noticed a necrophage
  1696 | D:4      | Killed a necrophage
  1697 | D:4      | Reached skill level 3 in Unarmed Combat
  1697 | D:4      | Reached XP level 5. HP: 21/36 MP: 5/5
  1701 | D:4      | Reached skill level 4 in Unarmed Combat
  1759 | D:4      | Noticed an ogre
  1829 | D:4      | Noticed a black bear
  1920 | D:5      | Entered Level 5 of the Dungeon
  2127 | D:5      | Found a runed translucent gate.
  2127 | D:5      | Found a runed translucent gate.
  2127 | D:5      | Found a runed translucent gate.
  2128 | D:5      | Noticed willcat's ghost (novice HODe)
  2129 | D:5      | Noticed AttackTheMoon's ghost (novice FoFi)
  2129 | D:5      | Noticed AM7's ghost (amateur MiCK)
  2129 | D:5      | Noticed SirDiesAlot's ghost (weakling MiDe)
  2247 | D:3      | Reached XP level 6. HP: 42/42 MP: 6/6
  2325 | D:2      | Killed Terence
  2703 | D:2      | Found a faded altar of an unknown god.
  3188 | D:3      | Found an ornate altar of the Wu Jian Council.
  3689 | D:3      | Reached skill level 5 in Unarmed Combat
  4686 | D:3      | Reached XP level 7. HP: 30/46 MP: 7/7
  4707 | D:3      | Reached skill level 1 in Evocations
  4935 | D:3      | Reached skill level 6 in Unarmed Combat
  6104 | D:4      | Reached skill level 7 in Unarmed Combat
  6111 | D:4      | Reached XP level 8. HP: 19/52 MP: 8/8
  6491 | D:4      | Found a shimmering altar of Xom.
  6494 | D:4      | Found a shadowy altar of Dithmenos.
  7125 | D:4      | Reached skill level 8 in Unarmed Combat
  7141 | D:4      | Found a white marble altar of Elyvilon.
  7860 | D:5      | Gained mutation: You are weak. (Str -2) [potion of
                  | mutation]
  7860 | D:5      | Gained mutation: You sometimes lose the ability to read
                  | scrolls when taking damage. [potion of mutation]
  7860 | D:5      | Gained mutation: You expend magic power (3 MP) to
                  | strengthen your wands. [potion of mutation]
  7860 | D:5      | Gained mutation: You have an increased reservoir of magic.
                  | (+10% MP) [potion of mutation]
  9082 | D:6      | Reached skill level 9 in Unarmed Combat
  9479 | D:6      | Reached skill level 5 in Dodging
  9483 | D:6      | Reached XP level 9. HP: 44/57 MP: 9/9
  9576 | D:6      | Found a staircase to the Ecumenical Temple.
  9592 | Temple   | Entered the Ecumenical Temple
  9885 | D:6      | Found Fatupt's Assorted Antiques.
 10050 | D:6      | Slain by a steam dragon

Illustrated notes

Levels and vault maps discovered:
D:1:      ncdulo_halloftheorcs, layout_basic, minmay_ruptured
D:2:      layout_loops_corners, shapermc_ecumenical_altar_starsandcircs,
          uniq_terence
D:3:      lemuel_castle_with_subvaults [lemuel_castle_interior_carwin_1],
          layout_basic, general_overflow_altar
D:4:      layout_basic, nicolae_elyvilon_peaceful_grove, jmf_multi_god_temple,
          cheibrodos_sewer_entry_bend, serial_corexii_hall,
          corexii_hall_statues_t, corexii_hall_statues_l
D:5:      layout_cave_pods, gammafunk_ghost_cemetery
D:6:      layout_loops_ring, mainiacjoe_overflow_alcove_2,
          minmay_temple_entry_mist, serial_shops, kennysheep_mini
Temple:   dshaligram_water_room_temple

Skill      XL: |  1  2  3  4  5  6  7  8 |
---------------+-------------------------+-----
Unarmed Combat | 3 4 5 7 9 |  9.6
Dodging        | 4 5 |  5.0
Evocations     | 2 3 |  3.4
Shields        | 4 |  4.0
Fighting       | |  3.5

Action                   |  1- 3 |  4- 6 |  7- 9 || total
-------------------------+-------+-------+-------++-------
Melee: Unarmed           |    78 |   130 |   261 ||   469
       Tentacles         |    14 |    26 |    39 ||    79
       Constrict         |    17 |    31 |    59 ||   107
       Punch             |     1 |     7 |    12 ||    20
       Dagger            |       |     4 |       ||     4
Evoke: Wand              |       |       |     1 ||     1
  Use: Scroll            |       |     2 |     4 ||     6
       Potion            |       |       |     3 ||     3
 Stab: Sleeping          |     9 |     4 |     7 ||    20
       Paralysed         |       |       |     2 ||     2
Armor: Skin              |     4 |     8 |    30 ||    42
Dodge: Dodged            |    28 |    95 |   120 ||   243
Block: Buckler           |    13 |    30 |    55 ||    98

Table legend: (Time is in decaauts)
 A = Elapsed time spent in this place.
 B = Non-inter-level travel time spent in this place.
 C = Inter-level travel time spent in this place.
 D = Time resting spent in this place.
 E = Time spent auto-exploring this place.
 F = Levels seen in this place.
 G = Mean time per level.
                   A        B        C        D        E       F      G
               +--------+--------+--------+--------+--------+-----+--------+
         Total |   9999 |   9875 |    124 |   2485 |   5658 |   7 | 1428.4 |
       Dungeon |   9907 |   9789 |    118 |   2485 |   5599 |   6 | 1651.2 |
        Temple |     91 |     85 |      6 |      0 |     59 |   1 |   91.0 |
               +--------+--------+--------+--------+--------+-----+--------+

Top non-repeatable levels by time:
     D:3: 2771 daAuts
     D:4: 1871 daAuts
     D:5: 1852 daAuts
     D:1: 1409 daAuts
     D:2: 1120 daAuts
     D:6: 881 daAuts
  Temple: 91 daAuts
